 Dungeon Crawl Stone Soup version 0.31-a0-435-g2c6fae2916 (webtiles) character file.

Game seed: 1720964581638760799

471 floatRand the Cudgeller (level 7, -1/41 HPs)
             Began as a Gargoyle Fighter on Aug 1, 2023.
             Slain by an ogre
             ... wielding a +0 giant club
              (20 damage)
             ... on level 4 of the Dungeon.
             The game lasted 00:03:12 (2181 turns).

floatRand the Cudgeller (Gargoyle Fighter)          Turns: 2181, Time: 00:03:12

Health: -1/41      AC: 21    Str: 22    XL:     7   Next: 9%
Magic:  7/7        EV:  6    Int:  8    God:
Gold:   115        SH:  4    Dex:  9    Spells: 6/6 levels left

rFire   . . .        a - +0 flail
rCold   . . .        c - +0 buckler
rNeg    + . .        g - +0 plate armour
rPois   ∞            (no helmet)
rElec   +            (no cloak)
rCorr   .            (no gloves)
SInv    .            h - +0 pair of boots
Will    .....        t - amulet of regeneration Stlth
                     j - +4 ring of protection
HPRegen 1.06/turn    (no ring)
MPRegen 0.10/turn

%: no passive effects
@: no status effects
A: sickness immunity, AC +4, negative energy resistance 1, electricity
resistance, torment resistance 1, petrification resistance
a: no special abilities


You were on level 4 of the Dungeon.
You visited 1 branch of the dungeon, and saw 4 of its levels.

You collected 115 gold pieces.

Inventory:

Hand Weapons
 a - a +0 flail (weapon)
Armour
 c - a +0 buckler (worn)
 g - a +0 plate armour (worn)
 h - a +0 pair of boots (worn)
Jewellery
 j - a +4 ring of protection (left hand)
 t - an amulet of regeneration (around neck)
Scrolls
 f - a scroll of amnesia {unknown}
 k - a scroll of revelation {unknown}
 m - a scroll of vulnerability {unknown}
 n - a scroll of identify {unknown}
 o - a scroll of fog {unknown}
 p - a scroll of fear {unknown}
 r - a scroll of enchant weapon {unknown}
 s - a scroll of immolation {unknown}
Potions
 b - a potion of cancellation {unknown}
 d - a potion of might
 e - a potion of degeneration {unknown}
 i - a potion of heal wounds {unknown}
 l - 2 potions of haste {unknown}
 q - a potion of lignification {unknown}
 u - a potion of enlightenment {unknown}


   Skills:
 - Level 3.2 Fighting
 * Level 7.5 Maces & Flails
 - Level 3.2 Armour
 - Level 3.2 Shields


You had 6 spell levels left.
You didn't know any spells.
Your spell library contained the following spells:

 Spells                   Type           Power      Damage    Failure   Level
 Summon Small Mammal      Summ           0%         N/A       100%        1
 Static Discharge         Conj/Air       0%         2-2/arc   100%        2
 Call Canine Familiar     Summ           0%         N/A       100%        3
 Summon Guardian Golem    Hex/Summ       0%         N/A       100%        3
 Airstrike                Air            0%         2d(0-16)  100%        4
 Summon Lightning Spire   Summ/Air       0%         N/A       100%        4


Dungeon Overview and Level Annotations

Branches:
Dungeon (4/15)
 Temple: D:4-7

Altars:
Ashenzari
Elyvilon
Okawaru
Yredelemnul


Innate Abilities, Weirdness & Mutations

You are immune to sickness and miasma.
Your stone body is resilient. (AC +4)
You are immune to poison.
You resist negative energy. (rN+)
You are resistant to electric shocks. (rElec)
You are resistant to unholy torment.
You are immune to petrification.


Message History

An ogre comes into view. It is wielding a +0 giant club.
A ball python comes into view.
The giant cockroach bites you but does no damage.
Unknown command.
You barely miss the giant cockroach.
The ogre shouts!
The ball python hisses angrily.
The giant cockroach closely misses you.
You sock the giant cockroach!
You kill the giant cockroach!
You sock the kobold!
You kill the kobold!
Unknown command.
Unknown command.
The goblin hits you but does no damage.
The ball python bites you but does no damage.
The ball python grabs you. The ball python constricts you.
Items here: ))) / [ †.
You escape the ball python's grasp.
You hit the goblin but do no damage. You block the goblin's attack.
Unknown command.
You closely miss the goblin. The goblin hits you with a +0 dagger.
You sock the goblin!
You kill the goblin!
The ball python bites you but does no damage.
The ball python grabs you. The ball python constricts you.
You sock the ball python!
You kill the ball python!
Sorry, you're not good enough to have a special ability.
You closely miss the ogre. The ogre hits you with a +0 giant club!
You hit the ogre.
The ogre is lightly wounded.
The ogre hits you with a +0 giant club!
You hit the ogre.
The ogre is lightly wounded.
Unknown command.
Unknown command.
You sock the ogre!
The ogre is heavily wounded.
The ogre hits you with a +0 giant club!!
You die...

... +................#
.# ##.....##..####.#
##.....###'####.###
#......#..†.>.....#
#......+..........#
#......#..........#
##.....##....##...#
##.....##)...###### +
+......O@.........# #.
#.....)##....##...# #..
#......##....##..## #..
##.....##........##
##...##.....##.........#
#......)....##....##...#
#....().....########..##
+.............. ####
......##.........


You could see an ogre.

Vanquished Creatures
  A black bear (D:4)
  A phantom (D:4)
  A centaur zombie (D:3)
  A gnoll bouda (D:4)
  Jessica (D:2)
  An iguana (D:3)
  A scorpion zombie (D:3)
  3 gnolls (D:4)
  4 adders (D:2)
  An ufetubus (D:4)
  2 adder zombies (D:3)
  3 dart slugs
  7 endoplasms
  7 giant cockroaches
  5 goblins
  4 hobgoblins
  7 jackals (D:1)
  8 kobolds
  3 quokkas
  3 ball pythons
  5 bats
  3 frilled lizards
  9 rats
81 creatures vanquished.

Notes
Turn   | Place    | Note
-------+----------+-------------------------------------------
     0 | D:1      | floatRand the Gargoyle Fighter began the quest for the Orb.
     0 | D:1      | Reached XP level 1. HP: 14/14 MP: 1/1
   159 | D:1      | Reached XP level 2. HP: 19/19 MP: 2/2
   234 | D:1      | Reached skill level 3 in Maces & Flails
   317 | D:1      | Reached XP level 3. HP: 23/23 MP: 3/3
   891 | D:2      | Reached skill level 4 in Maces & Flails
   975 | D:2      | Reached XP level 4. HP: 28/28 MP: 4/4
  1330 | D:2      | Noticed Jessica
  1331 | D:2      | Found a white marble altar of Elyvilon.
  1334 | D:2      | Killed Jessica
  1335 | D:2      | Reached skill level 5 in Maces & Flails
  1335 | D:2      | Reached XP level 5. HP: 26/32 MP: 5/5
  1589 | D:3      | Found a basalt altar of Yredelemnul.
  1937 | D:3      | Found a faded altar of an unknown god.
  1941 | D:3      | Found a broken altar of Ashenzari.
  1988 | D:3      | Found an iron altar of Okawaru.
  1998 | D:3      | Reached skill level 6 in Maces & Flails
  1998 | D:3      | Reached XP level 6. HP: 35/37 MP: 6/6
  2071 | D:4      | Noticed a black bear
  2086 | D:4      | Killed a black bear
  2126 | D:4      | Reached skill level 7 in Maces & Flails
  2133 | D:4      | Reached XP level 7. HP: 40/41 MP: 7/7
  2181 | D:4      | Slain by an ogre

Illustrated notes

Levels and vault maps discovered:
D:1:      beargit_arrival_greenhouse, layout_basic,
          chequers_serial_rivers_room_b, minmay_octomino_c4
D:2:      layout_basic, basic_altar, kennysheep_big_empty_room, uniq_jessica
D:3:      layout_rooms, hellmonk_okawaru_the_only_friend_you_need,
          nicolae_yredelemnul_corpse_copse, nicolae_overflow_ecumenical_swirl
D:4:      layout_gridville, minmay_surrounded

Skill      XL: |  1  2  3  4  5  6 |
---------------+-------------------+-----
Maces & Flails | 3 4 5 6 7 |  7.5
Fighting       | |  3.2
Armour         | |  3.2
Shields        | |  3.2

Action                     |  1- 3 |  4- 6 |  7- 9 || total
---------------------------+-------+-------+-------++-------
  Melee: Flail             |   139 |   170 |    35 ||   344
 Armour: Scale mail        |    24 |       |       ||    24
         Plate armour      |    88 |   185 |    19 ||   292
  Dodge: Dodged            |    72 |    68 |    11 ||   151
  Block: Buckler           |    21 |    40 |     6 ||    67

Table legend: (Time is in decaauts)
 A = Elapsed time spent in this place.
 B = Non-inter-level travel time spent in this place.
 C = Inter-level travel time spent in this place.
 D = Time resting spent in this place.
 E = Time spent auto-exploring this place.
 F = Levels seen in this place.
 G = Mean time per level.
                   A        B        C        D        E       F      G
               +--------+--------+--------+--------+--------+-----+--------+
         Total |   2245 |   2164 |     81 |     12 |   1375 |   4 |  561.2 |
       Dungeon |   2245 |   2164 |     81 |     12 |   1375 |   4 |  561.2 |
               +--------+--------+--------+--------+--------+-----+--------+

Top non-repeatable levels by time:
     D:1: 909 daAuts
     D:2: 703 daAuts
     D:3: 494 daAuts
     D:4: 138 daAuts
